 Dungeon Crawl Stone Soup version 0.31-a0-188-g5e087ee2ca (webtiles) character file.

Game seed: 11410983814797455762

109 olmar the Ruffian (level 4, 0/58 HPs)
             Began as a Naga Transmuter on June 23, 2023.
             Slain by a gnoll
             ... wielding a +0 spear
              (1 damage)
             ... on level 3 of the Dungeon.
             The game lasted 00:03:35 (1811 turns).

olmar the Ruffian (Naga Transmuter)                 Turns: 1811, Time: 00:03:35

Health: 0/58       AC: 22    Str: 15    XL:     4   Next: 90%
Magic:  5/7        EV:  1    Int: 13    God:
Gold:   111        SH:  0    Dex: 11    Spells: 2/8 levels left

rFire   . .          .
                       - Unarmed
rCold   . . .        h - orb {*Rage}
rNeg    . . .        a - melded +0 robe
rPois   +            (helmet currently unavailable)
rElec   .            (cloak currently unavailable)
rCorr   .            (gloves currently unavailable)
SInv    +            (no barding)
Will    .....        d - amulet of the acrobat
Stlth   ++           (no ring)
HPRegen 0.29/turn    (no ring)
MPRegen 0.10/turn

%: random rage (20%), acrobat
@: short of breath, tree-form, wereblooded, attractive
A: stationary, stasis, torment immunity, boosted hp, AC +1, large, see
invisible, (deformed body), (poison resistance), (slowness 2), spit poison 1,
(naga tail 1), sense surroundings 1, (heat vulnerability 1)
a: Spit Poison


You were on level 3 of the Dungeon.
You were a tree.
You visited 1 branch of the dungeon, and saw 3 of its levels.

You collected 111 gold pieces.

Inventory:

Armour
 a - a +0 robe (melded)
 h - an orb of wrath (worn)
 j - a +0 chain mail
Jewellery
 d - an amulet of the acrobat (around neck)
Scrolls
 c - 2 scrolls of teleportation
 e - a scroll of amnesia {unknown}
 f - a scroll of blinking {unknown}
 i - a scroll of fog {unknown}
Potions
 k - a potion of berserk rage
 l - a potion of magic
 o - a potion of invisibility {unknown}


   Skills:
 + Level 1.6 Fighting
 - Level 1.7 Dodging
 + Level 1.6 Stealth
 + Level 4.3 Unarmed Combat
 + Level 2.5 Spellcasting
 + Level 2.4 Transmutations


You had 2 spell levels left.
You knew the following spells:

 Your Spells              Type           Power      Damage    Failure   Level
a - Beastly Appendage     Tmut           16%        N/A       9%          1
b - Wereblood             Tmut           8%         N/A       13%         2
c - Spider Form           Tmut/Pois      4%         N/A       41%         3

Your spell library contained the following spells:

 Spells                   Type           Power      Damage    Failure   Level
 Ice Form                 Ice/Tmut       4%         N/A       82%         4


Dungeon Overview and Level Annotations

Branches:
Dungeon (3/15)

Altars:


Innate Abilities, Weirdness & Mutations

You are a tree.
Your roots penetrate the ground, keeping you stationary.
You cannot be teleported.
You are immune to unholy pain and torment.
Your maximum health is greatly increased.
Your equipment is partially melded.
((Your serpentine skin is tough. (AC +1)))
You have supernaturally acute eyesight. (SInv)
((Armour fits poorly on your strangely shaped body.))
((Your system is resistant to poisons. (rPois)))
((You cover ground very slowly.))
You can spit poison.
((You have a snake-like lower body.))
You passively map a small area around you.
((You are vulnerable to heat. (rF-)))


Message History

Unknown command.
You hit the endoplasm but do no damage. You headbutt the endoplasm.
The endoplasm is severely wounded.
The endoplasm freezes you.
You are frozen.
* * * LOW HITPOINT WARNING * * *
The gnoll hits you from afar with a +0 spear!
* * * LOW HITPOINT WARNING * * *
Okay, then.
Okay, then.
Really quaff the potion of lignification?
Your horns disappear.
You turn into a tree.
Your +0 robe melds into your body.
Your roots penetrate the ground.
The endoplasm hits you but does no damage.
The gnoll hits you but does no damage.
Unknown command.
Aiming: Spit Poison (1% risk of failure)
Press: ? - help, Shift-Dir - straight line, f - kobold, p - gnoll
Aim: a kobold, wielding a +0 whip (50% to hit)
The splash of poison hits the endoplasm.
The endoplasm completely resists.
The endoplasm is severely wounded.
The endoplasm freezes you.
You are frozen.
* * * LOW HITPOINT WARNING * * *
The gnoll hits you but does no damage.
Unknown command.
It was a potion of attraction.
You feel attractive to monsters.
The endoplasm hits you but does no damage.
The gnoll hits you from afar with a +0 spear.
* * * LOW HITPOINT WARNING * * *
Unknown command.
It was a potion of mutation.
You feel extremely strange.
You feel a strange attunement to the structure of the dungeons.
You feel vulnerable to heat.
The endoplasm hits you but does no damage.
The gnoll hits you from afar with a +0 spear.
You die...

, * .##+### *#., *
......K #. ** #
..#...$ ##.* #.
#.#.... .. #.
#....$. * *#.##
#..##...... #..#
#........g.
########.###########
#<#
......†.KKgJ♣.)....#
*#.# * *
##...#...r####.....#
#.# #. ,#....#
###...#, #.# #....#
* ##..# ..# ,
##....,, *#..# ..#
#...#. , ##.# ..#
#...#.. #.# .#.#
##..# .., #.#*,, *
#..#*##g #.# *


You could see a gnoll, an endoplasm, 2 kobolds and a rat.

Vanquished Creatures
  5 adders
  A worm (D:2)
  A dart slug (D:3)
  4 ball pythons
  5 bats
  4 endoplasms
  4 giant cockroaches
  6 goblins
  5 hobgoblins
  3 jackals (D:1)
  9 kobolds
  A quokka (D:1)
  3 frilled lizards
  5 rats
56 creatures vanquished.

Notes
Turn   | Place    | Note
-------+----------+-------------------------------------------
     0 | D:1      | olmar the Naga Transmuter began the quest for the Orb.
     0 | D:1      | Reached XP level 1. HP: 18/18 MP: 3/3
   128 | D:1      | Reached XP level 2. HP: 25/25 MP: 5/5
   151 | D:1      | Learned a level 2 spell: Wereblood
   358 | D:1      | Reached XP level 3. HP: 14/31 MP: 4/6
   658 | D:1      | Learned a level 3 spell: Spider Form
  1158 | D:2      | Reached skill level 1 in Stealth
  1158 | D:2      | Reached XP level 4. HP: 24/38 MP: 7/7
  1245 | D:2      | Reached skill level 4 in Unarmed Combat
  1614 | D:2      | Found a faded altar of an unknown god.
  1810 | D:3      | HP: 1/58 [gnoll/+0 spear (2)]
  1811 | D:3      | Gained mutation: You passively map a small area around you.
                  | [potion of mutation]
  1811 | D:3      | Gained mutation: You are vulnerable to heat. (rF-) [potion
                  | of mutation]
  1811 | D:3      | Slain by a gnoll

Illustrated notes

Levels and vault maps discovered:
D:1:      wheals_arrival_shading, layout_basic,
          nicolae_concentric_dashed_squares_wild
D:2:      layout_basic, chequers_ecumenical_altar_twisty
D:3:      minmay_recursive_quarters, layout_rooms,
          mainiacjoe_overflow_six_doors_small, nrook_mini_vaults

Skill      XL: |  1  2  3  4 |
---------------+-------------+-----
Stealth        | 1 |  1.6
Unarmed Combat | 4 |  4.3
Fighting       | |  1.6
Dodging        | |  1.7
Spellcasting   | |  2.5
Transmutations | |  2.4

Action                     |  1- 3 |  4- 6 || total
---------------------------+-------+-------++-------
  Melee: Unarmed           |   121 |    59 ||   180
         Headbutt          |     5 |     4 ||     9
         Punch             |     2 |     1 ||     3
   Cast: Beastly Appendage |     5 |     2 ||     7
         Wereblood         |     1 |     2 ||     3
Ability: Spit Poison       |    24 |     5 ||    29
    Use: Scroll            |       |     4 ||     4
         Potion            |       |     4 ||     4
   Stab: Sleeping          |     1 |     1 ||     2
 Armour: Robe              |    20 |     8 ||    28
         Skin              |       |     5 ||     5
  Dodge: Dodged            |    93 |    50 ||   143

Table legend: (Time is in decaauts)
 A = Elapsed time spent in this place.
 B = Non-inter-level travel time spent in this place.
 C = Inter-level travel time spent in this place.
 D = Time resting spent in this place.
 E = Time spent auto-exploring this place.
 F = Levels seen in this place.
 G = Mean time per level.
                   A        B        C        D        E       F      G
               +--------+--------+--------+--------+--------+-----+--------+
         Total |   2239 |   2181 |     58 |     69 |   1577 |   3 |  746.3 |
       Dungeon |   2239 |   2181 |     58 |     69 |   1577 |   3 |  746.3 |
               +--------+--------+--------+--------+--------+-----+--------+

Top non-repeatable levels by time:
     D:2: 1124 daAuts
     D:1: 1047 daAuts
     D:3: 68 daAuts
